 Dungeon Crawl Stone Soup version 0.28.0-43-g3370ac3207 (webtiles) character file.

Game seed: 18216875337470139742

3226 croobank the Firebug (level 9, 0/62 HPs)
             Began as a Pale Draconian Fire Elementalist on Mar 4, 2022.
             Was an Initiate of Vehumet.
             Slain by an orc
             ... wielding a +0 vorpal hand axe
              (5 damage)
             ... on level 7 of the Dungeon.
             The game lasted 00:28:05 (7986 turns).

croobank the Firebug (DrFE)                         Turns: 7986, Time: 00:28:06

Health: 0/62       AC:  8    Str: 10    XL:     9   Next: 66%
Magic:  9/17       EV: 14    Int: 19    God:    Vehumet [......]
Gold:   309        SH:  0    Dex: 13    Spells: 12/19 levels left

rFire   + . .      SeeInvis .   q - +1 whip (distort)
rCold   . . .      Faith    .   x - orb {*channel}
rNeg    . . .      Spirit   .   (armour unavailable)
rPois   .          Reflect  .   (helmet restricted)
rElec   .          Harm     .   G - +0 cloak
rCorr   .          Rampage  .   (no gloves)
Will    .....                   (no boots)
Stlth   +++.......              (no amulet)
HPRegen 0.20/turn               i - ring of protection from fire
MPRegen 0.15/turn               t - ring of wizardry

@: no status effects
A: breathe steam, AC +7, unfitting armour, cold-blooded, steam resistance
a: Breathe Steam, Renounce Religion


You were on level 7 of the Dungeon.
You worshipped Vehumet.
Vehumet was noncommittal.
You visited 2 branches of the dungeon, and saw 8 of its levels.

You collected 309 gold pieces.

Inventory:

Hand Weapons
 c - a +0 dagger
 f - a +0 flail
 k - a +0 whip of pain
 m - a +4 quarterstaff of chaos
 n - a +0 war axe
 p - a +2 short sword of freezing
 q - a +1 whip of distortion (weapon)
 u - a +0 falchion
Missiles
 a - 39 sling bullets
 j - 18 bolts
 o - 69 stones
 r - 138 arrows
 w - 6 boomerangs
Armour
 x - an orb of energy (worn)
 G - a +0 cloak (worn)
Jewellery
 i - a ring of protection from fire (left hand)
 t - a ring of wizardry (right hand)
 D - a +6 ring of intelligence
Wands
 A - a wand of iceblast (24)
Scrolls
 b - 2 scrolls of noise
 l - a scroll of fear
 v - a scroll of enchant armour
 y - 2 scrolls of teleportation
 B - a scroll of immolation
 E - 2 scrolls of holy word
Potions
 d - 2 potions of haste
 e - a potion of heal wounds
 g - a potion of berserk rage
 h - 2 potions of curing
 s - 3 potions of invisibility
 z - a potion of ambrosia {unknown}
 C - a potion of magic {unknown}
 F - a potion of degeneration {unknown}
 H - a potion of lignification {unknown}
 I - 2 potions of mutation {unknown}


   Skills:
 + Level 5.8 Dodging
 + Level 6.3 Stealth
 + Level 5.9 Spellcasting
 + Level 6.1 Conjurations
 + Level 7.4 Fire Magic


You had 12 spell levels left.
You knew the following spells:

 Your Spells              Type           Power      Damage    Failure   Level
a - Foxfire               Conj/Fire      100%       2x1d9     1%          1
b - Scorch                Fire           68%        2d8       1%          2
c - Flame Wave            Conj/Fire      31%        2d8       2%          4

Your spell library contained the following spells:

 Spells                   Type           Power      Damage    Failure   Level
 Conjure Flame            Conj/Fire      31%        6-21      1%          3
 Inner Flame              Hex/Fire       19%        N/A       3%          3
 Animate Skeleton         Necr           10%        N/A       4%          1
 Pain                     Necr           20%        1d5       4%          1
 Vampiric Draining        Necr           5%         2d6       14%         3


Dungeon Overview and Level Annotations

Branches:
Dungeon (7/15)             Temple (1/1) D:6

Altars:
Ashenzari
Cheibriados
Nemelex Xobeh
Okawaru
Trog
Vehumet
Wu Jian
Xom

Shops:
D:4 (

Annotations:
D:3 1 transporter, coolio's ghost, amateur TeGl
D:7 2 transporters


Innate Abilities, Weirdness & Mutations

You can breathe blasts of scalding, opaque steam.
Your pale cyan-grey scales are hard. (AC +7)
You cannot fit into any form of body armour.
You are cold-blooded and may be slowed by cold attacks.
You are immune to the effects of steam.


Message History

Confirm with . or Enter, or press ? or * to list all spells.
Flames lash the orc warrior.
The orc warrior is moderately wounded.
The orc warrior's fire resistance burns away.
Casting: Scorch (safe; 1% risk of failure)
Confirm with . or Enter, or press ? or * to list all spells.
Flames lash the orc.
The orc is lightly wounded.
The orc's fire resistance burns away.
The orc warrior hits you from afar with a +0 trident!
The orc warrior is no longer more vulnerable to fire.
The orc completely misses you.
The orc warrior hits you with a +0 trident.
You hit the orc warrior but do no damage.
Space warps around the orc warrior.
The orc warrior is moderately wounded.
The orc is no longer more vulnerable to fire.
The orc barely misses you.
The orc warrior hits you with a +0 trident!
You closely miss the orc warrior.
Your tail-slap misses the orc warrior.
The orc warrior is moderately wounded.
The orc misses you.
The orc warrior hits you with a +0 trident!
The orc hits you but does no damage.
You barely miss the orc warrior.
The orc warrior is moderately wounded.
The orc warrior hits you with a +0 trident!
The orc hits you but does no damage.
You barely miss the orc warrior.
The orc warrior is moderately wounded.
The moth of wrath's fur bristles in rage as it notices you.
The orc warrior barely misses you.
The orc hits you with a +0 vorpal hand axe.
* * * LOW HITPOINT WARNING * * *
x2 You hit the orc warrior but do no damage.
The orc warrior is moderately wounded.
The orc warrior hits you with a +0 trident!
* * * LOW HITPOINT WARNING * * *
The orc hits you with a +0 vorpal hand axe.
You die...

..#####.##############
# #.# ### #. #.####
#.. #.# #....# #.#
.##..####....#### #.#
...............?. #..
.............#### ###
.....)o......#
#....o@?..###
....#####....# ..#
#.©y###...# #.....
#..# ###..# ...# #?##
#..# "! .# ._


You could see a moth of wrath, an orc warrior and an orc.

Vanquished Creatures
  Pikel (D:4)
  A cyclops (D:6)
  Eustachio (D:4)
  3 sky beasts
  A black bear (D:7)
  An ice beast (D:5)
  A centaur (D:4)
  2 ogres (D:4)
  3 lemures
  A phantom (D:6)
  2 scorpions
  4 killer bees
  2 howler monkeys (D:6)
  3 centaur zombies
  A bullfrog zombie (D:5)
  3 hounds
  A jelly (D:5)
  Crazy Yiuf (D:6)
  A gnoll shaman (D:6)
  2 orc priests
  An iguana (D:4)
  4 orc wizards
  A hound skeleton (D:4)
  A howler monkey zombie (D:5)
  Robin (D:4)
  4 gnolls
  2 howler monkey skeletons
  7 adders
  2 worms (D:3)
  2 dart slugs
  21 orcs
  3 endoplasms
  5 giant cockroaches
  11 goblins
  5 hobgoblins
  2 jackals
  3 quokkas
  6 ball pythons
  6 bats
  8 frilled lizards
  8 kobolds
  3 rats (D:1)
141 creatures vanquished.

Vanquished Creatures (others)
  197 foxfires
  3 fungi (D:6)
200 creatures vanquished.

Grand Total: 341 creatures vanquished

Notes
Turn   | Place    | Note
-------+----------+-------------------------------------------
     0 | D:1      | croobank the Draconian Fire Elementalist began the quest
                  | for the Orb.
     0 | D:1      | Reached XP level 1. HP: 14/14 MP: 3/3
   165 | D:1      | Found a faded altar of an unknown god.
   496 | D:1      | Reached XP level 2. HP: 20/20 MP: 0/5
   503 | D:1      | Learned a level 2 spell: Scorch
   767 | D:1      | Reached XP level 3. HP: 17/26 MP: 2/6
  2244 | D:3      | Reached XP level 4. HP: 29/33 MP: 0/7
  2252 | D:3      | Learned a level 4 spell: Flame Wave
  2949 | D:3      | Found a transporter.
  2950 | D:3      | Noticed an ogre
  2950 | D:3      | Noticed coolio's ghost (amateur TeGl)
  2953 | D:3      | Noticed an ogre
  3345 | D:4      | Found Ykheshrej's Antique Weapon Shoppe.
  3354 | D:4      | Noticed an ogre
  3359 | D:4      | Killed an ogre
  3360 | D:4      | Reached XP level 5. HP: 38/38 MP: 3/9
  3539 | D:4      | Noticed a lemure
  3539 | D:4      | Noticed a lemure
  3551 | D:4      | Killed a lemure
  3634 | D:4      | Noticed a lemure
  3642 | D:4      | Noticed a lemure
  3643 | D:4      | Noticed Pikel
  3722 | D:4      | Noticed Eustachio
  3729 | D:4      | Killed Eustachio
  3730 | D:4      | Reached skill level 4 in Fire Magic
  3730 | D:4      | Reached XP level 6. HP: 34/45 MP: 0/11
  4173 | D:4      | Killed Pikel
  4174 | D:4      | Your scales start taking on a pale cyan-grey colour.
  4174 | D:4      | Reached skill level 5 in Fire Magic
  4174 | D:4      | Reached XP level 7. HP: 41/50 MP: 1/13
  4174 | D:4      | Gained mutation: You are immune to the effects of steam.
                  | [Pale Draconian growth]
  4281 | D:4      | Noticed Robin
  4301 | D:4      | Killed Robin
  4480 | D:5      | Entered Level 5 of the Dungeon
  4489 | D:4      | Reached XP level 8. HP: 44/57 MP: 2/14
  5317 | D:6      | Reached skill level 6 in Fire Magic
  5449 | D:6      | Reached skill level 5 in Stealth
  5702 | D:5      | Reached skill level 5 in Conjurations
  5897 | D:6      | Reached skill level 5 in Spellcasting
  5940 | D:6      | Found a staircase to the Ecumenical Temple.
  5947 | Temple   | Entered the Ecumenical Temple
  6007 | Temple   | Became a worshipper of Vehumet
  6195 | D:6      | Reached skill level 5 in Dodging
  6359 | D:6      | Found a broken altar of Ashenzari.
  6467 | D:6      | Reached XP level 9. HP: 62/62 MP: 10/16
  6727 | D:6      | Noticed a cyclops
  6735 | D:6      | Killed a cyclops
  7085 | D:6      | Found a runed translucent door.
  7086 | D:6      | Noticed Crazy Yiuf
  7137 | D:6      | Killed Crazy Yiuf
  7263 | D:7      | Reached skill level 7 in Fire Magic
  7969 | D:7      | Found a transporter.
  7969 | D:7      | Found a transporter.
  7974 | D:7      | Found a bloodstained altar of Trog.
  7981 | D:7      | Noticed a moth of wrath
  7986 | D:7      | Slain by an orc

Illustrated notes

Levels and vault maps discovered:
D:1:      matt_arrival_refuge, layout_basic, shapermc_ecumenical_altar_gd,
          serial_bayou_pond_e, minmay_misc_feat_encased,
          minmay_indecisive_spiral
D:2:      layout_basic, st_stairs_14
D:3:      layout_loops_ring, gammafunk_ghost_smash, serial_aquarium,
          aquarium_bridge_square [aquarium_subvault_bridge,
          aquarium_subvault_bridge, aquarium_subvault_bridge,
          aquarium_subvault_window], aquarium_bridge_straight
          [aquarium_subvault_bridge, aquarium_subvault_balcony,
          aquarium_subvault_bridge, aquarium_subvault_wall],
          aquarium_window_fake, aquarium_window_2, aquarium_window_1,
          aquarium_view_2b, aquarium_balcony_1a
D:4:      layout_rooms, serial_shops, shop, uniq_eustachio, uniq_pikel,
          uniq_robin
D:5:      layout_cave_pools, ebering_dispersal_statue_hall
D:6:      layout_basic, nicolae_ashenzari_skybound, minmay_temple_entry_arrows,
          chequers_ossuary_entry_cave, grunt_ministairs_7,
          minmay_large_rounded_square, uniq_crazy_yiuf_cottage
D:7:      layout_basic, serial_shops, nicolae_shop_statue_plus,
          gammafunk_ghost_wrathful_warriors
Temple:   mainiacjoe_temple_archimedes_tessellation

Skill      XL: |  1  2  3  4  5  6  7  8  9 |
---------------+----------------------------+-----
Dodging        | 2 3 4 5 |  5.8
Stealth        | 2 3 4 5 6 |  6.3
Conjurations   | 2 3 4 5 6 |  6.1
Spellcasting   | 3 4 5 |  5.9
Fire Magic     | 4 5 6 7 |  7.4

Action                   |  1- 3 |  4- 6 |  7- 9 || total
-------------------------+-------+-------+-------++-------
Melee: Flail             |    25 |     3 |       ||    28
       Whip              |       |    26 |    55 ||    81
       Tailslap          |       |     2 |     6 ||     8
 Cast: Foxfire           |    46 |    37 |    36 ||   119
       Scorch            |     8 |    25 |    78 ||   111
       Flame Wave        |       |     2 |     4 ||     6
 Abil: Breathe Steam     |       |       |     4 ||     4
  Use: Scroll            |     6 |     5 |     6 ||    17
       Potion            |       |       |     1 ||     1
Armor: Skin              |    19 |    12 |    58 ||    89
Dodge: Dodged            |    38 |    24 |   109 ||   171
